 Dungeon Crawl Stone Soup version 0.29-a0-495-g17b79114eb (webtiles) character file.

Game seed: 8642038952885053088

3 spiderkeys the Ducker (level 1, 0/10 HPs)
             Began as a Felid Abyssal Knight on May 28, 2022.
             Was a Believer of Lugonu.
             Slain by a kobold
             ... wielding a +0 short sword
              (3 damage)
             ... on level 1 of the Dungeon.
             The game lasted 00:00:29 (207 turns).

spiderkeys the Ducker (Felid Abyssal Knight)         Turns: 207, Time: 00:00:29

Health: 0/10       AC:  1    Str:  9    XL:     1   Next: 41%
Magic:  3/3        EV: 18    Int: 11    God:    Lugonu [**....]
Gold:   18         SH:  0    Dex: 16    Spells: 0/0 levels left
                                        Lives:  0   Deaths: 0

rFire   . . .      SeeInvis +     - Unarmed
rCold   . . .      Faith    .   (shield unavailable)
rNeg    . . .      Spirit   .   (body armour unavailable)
rPois   .          Reflect  .   (helmet unavailable)
rElec   .          Harm     .   (cloak unavailable)
rCorr   .          Rampage  .   (gloves unavailable)
Will    .....                   (boots unavailable)
Stlth   +.........              (no amulet)
HPRegen 0.03/turn               L - ring of flight
MPRegen 0.08/turn               (no ring)

@: flying, quick
A: very small, claws 1, fangs 3, see invisible, speed 1, shaggy fur 1, stealthy
paws, no weapons or thrown items, no armour, multi-lived
a: Renounce Religion, Depart the Abyss, Bend Space


You were on level 1 of the Dungeon.
You worshipped Lugonu.
Lugonu was pleased with you.
You visited 1 branch of the dungeon, and saw 1 of its levels.
You visited the Abyss 1 time.

You collected 18 gold pieces.


Innate Abilities, Weirdness & Mutations

You have sharp claws.
You have razor-sharp teeth.
You have supernaturally acute eyesight. (SInv)
You cover ground quickly. (Speed+)
You are covered in fur. (AC +1)
Your paws help you pounce on unaware monsters.
You are incapable of wielding weapons or throwing items.
You cannot wear armour.
You gain extra lives every three experience levels.


   Skills:
 + Level 3.0 Fighting
 + Level 3.3 Dodging
 + Level 2.1 Unarmed Combat
 + Level 1.8 Invocations


You couldn't memorise any spells.
You didn't know any spells.
Your spell library contained the following spells:

 Spells                   Type           Power      Damage    Failure   Level
 Sublimation of Blood     Necr           0%         N/A       47%         2
 Wereblood                Tmut           0%         N/A       47%         2
 Summon Hydra             Summ           0%         N/A       100%        7

Inventory:

Jewellery
 L - a ring of flight (left paw)
   (You found it on level 1 of the Dungeon)

Dungeon Overview and Level Annotations

Branches:
Dungeon (1/15)

Altars:

########### ###.........#
#...........# #...........######
#................. #
#............######### ..##^
#....K.......#........
......####..@.......#...#...#
#.........†..........>#.#...# .
#####......#..........#.#.....#
..#>#####..........####.#.#...#.#
......#####........# #.#.#.#.#.#
....<...####.......# #.#.#.#.#.#
###......#.........# #.#.#...#.#
###..............# #.#.###.#.#
###....#.......# #.#.. ....#


You could see a kobold.


Message History

🤖 Initializing magus.rc ...
Options error: Bad monster_list_colour key: strict_neutral (~/.crawlrc:5438) Bad channel name for runrest: 'pray:' ✅ Successfully initialized magus.rc [v1.11.3] Welcome, spiderkeys the Felid Abyssal Knight.
They say the Orb of Zot lies within this dungeon, but they say a lot of things.
Lugonu says: Depart the Abyss and spread corruption, my servant! (use the ability menu to exit the Abyss) Press ? for a list of commands and other information.
Found a corrupted altar of Lugonu.
Found a gateway leading out of the Abyss.
There is a gateway leading out of the Abyss here.
You pass through the gate.
Found a book of Blood.
Found an escape hatch in the floor.
There is a staircase leading out of the dungeon here.
An endoplasm comes into view.
You see here a book of Blood.
You pick up a book of Blood and begin reading...
You add the spells Sublimation of Blood, Wereblood and Summon Hydra to your library.
The endoplasm quivers.
Okay, then.
The endoplasm misses you.
You barely miss the endoplasm.
You bite the endoplasm, but do no damage.
The endoplasm freezes you.
You are frozen. 😮 HP[-3]
You take 3 damage, and now have 7/10 hp.
MASSIVE DAMAGE!! (PAUSE)
You scratch the endoplasm. You scratch the endoplasm.
The endoplasm hits you. 😮 HP[-1]
You take 1 damage, and now have 6/10 hp.
You scratch the endoplasm.
You kill the endoplasm!
Lugonu accepts your kill.
Key pressed, stopping explore.
Found a stone staircase leading down. 😎 HP[+4]
Your hp is fully restored (10).
You now have 18 gold pieces.
L - a ring of flight You fly up into the air.
L - a ring of flight (left paw)
A kobold comes into view. It is wielding a +0 short sword.
The kobold shouts!
A kobold is nearby!
You closely miss the kobold. The kobold closely misses you.
You closely miss the kobold. The kobold barely misses you.
You scratch the kobold but do no damage.
The kobold hits you with a +0 short sword. 😕 HP[-2]
You take 2 damage, and now have 8/10 hp.
You scratch the kobold. You bite the kobold, but do no damage.
The kobold hits you with a +0 short sword.
Ouch! That really hurt!
* * * LOW HITPOINT WARNING * * *
😨 HP[-5]
You take 5 damage, and now have 3/10 hp.
MASSIVE DAMAGE!! (PAUSE)
You scratch the kobold but do no damage.
The kobold hits you with a +0 short sword.
* * * LOW HITPOINT WARNING * * *
😱 HP[-1]
You take 1 damage, and now have 2/10 hp.
You scratch the kobold.
You kill the kobold!
Lugonu accepts your kill.
A giant cockroach comes into view.
Unknown command. 😨 HP[+1]
The giant cockroach closely misses you.
You barely miss the giant cockroach. The giant cockroach closely misses you.
A kobold comes into view. It is wielding a +0 short sword.
The kobold shouts!
You scratch the giant cockroach. The giant cockroach closely misses you.
You closely miss the giant cockroach. You bite the giant cockroach.
You kill the giant cockroach!
Lugonu accepts your kill.
You see here a giant cockroach corpse.
You closely miss the kobold.
The kobold hits you with a +0 short sword.
You die...

Action                   || total
-------------------------++-------
Melee: Unarmed           ||    14
       Bite              ||     3
Dodge: Dodged            ||     6

Levels and vault maps discovered:
D:1:      dpeg_arrival_long_road, layout_basic, ebering_ecumenical_altar_rust,
          minmay_octomino_c4

Notes
Turn   | Place    | Note
-------+----------+-------------------------------------------
     0 | Abyss:1  | spiderkeys the Felid Abyssal Knight began the quest for the
                  | Orb.
     0 | Abyss:1  | Reached XP level 1. HP: 10/10 MP: 3/3
     0 | Abyss:1  | magus.rc [v1.11.3]
     9 | D:1      | You pass through the gate.
     9 | D:1      | Escaped the Abyss
    17 | D:1      | You pick up a book of Blood and begin reading...
    17 | D:1      | You add the spells Sublimation of Blood, Wereblood and
                  | Summon Hydra to your library.
   173 | D:1      | HP: 2/10 [kobold/+0 short sword (1)]
   207 | D:1      | Slain by a kobold

Vanquished Creatures
  An endoplasm (D:1)
  A giant cockroach (D:1)
  A kobold (D:1)
3 creatures vanquished.

Table legend:
 A = Non-vault XP
 B = Vault XP
 C = Vault XP percentage of total XP
 D = Non-vault monster count
 E = Vault monster count
 F = Vault count percentage of total count
                 A         B        C        D         E       F
            +---------+---------+-------+---------+---------+-------
      Total |       3 |       2 |  40.0 |       2 |       1 |  33.3
            +---------+---------+-------+---------+---------+-------
        D:1 |       3 |       2 |  40.0 |       2 |       1 |  33.3
            +---------+---------+-------+---------+---------+-------

Illustrated notes

Table legend:
 A = Kills in this place as a percentage of kills in entire the game.
 B = Kills by you in this place as a percentage of kills by you in the entire game.
 C = Kills by friends in this place as a percentage of kills by friends in the entire game.
 D = Other kills in this place as a percentage of other kills in the entire game.
 E = Experience gained in this place as a percentage of experience gained in the entire game.
 F = Experience gained in this place divided by the number of levels of this place that you have seen.
                   A       B       C       D       E      F
               +-------+-------+-------+-------+-------+----------------------
         Total | 100.0 | 100.0 |   N/A |   N/A | 100.0 |   2.5
       Dungeon | 100.0 | 100.0 |   N/A |   N/A | 100.0 |   5.0
               +-------+-------+-------+-------+-------+----------------------

Table legend: (Time is in decaauts)
 A = Elapsed time spent in this place.
 B = Non-inter-level travel time spent in this place.
 C = Inter-level travel time spent in this place.
 D = Time resting spent in this place.
 E = Time spent auto-exploring this place.
 F = Levels seen in this place.
 G = Mean time per level.
                   A        B        C        D        E       F      G
               +--------+--------+--------+--------+--------+-----+--------+
         Total |    190 |    190 |      0 |      0 |    138 |   2 |   95.0 |
       Dungeon |    183 |    183 |      0 |      0 |    133 |   1 |  183.0 |
         Abyss |      7 |      7 |      0 |      0 |      4 |   1 |    7.0 |
               +--------+--------+--------+--------+--------+-----+--------+

Top non-repeatable levels by time:
     D:1: 183 daAuts
 Abyss:1: 7 daAuts
